 Dungeon Crawl Stone Soup version 0.25.1-2-g60ff931df9 (webtiles) character file.

Game seed: 4405417260767245821

2684 HawFromDerth the Cleaver (level 9, -1/78 HPs)
             Began as a Hill Orc Fighter on Sept 20, 2020.
             Was a Believer of Yredelemnul.
             Killed from afar by a manticore (15 damage)
             ... with a volley of spikes
             ... on level 7 of the Dungeon.
             The game lasted 00:16:22 (6590 turns).

HawFromDerth the Cleaver (Hill Orc Fighter)         Turns: 6590, Time: 00:16:34

Health: -1/78      AC: 12    Str: 21    XL:     9   Next: 64%
Magic:  9/9        EV: 10    Int:  8    God:    Yredelemnul [**....]
Gold:   62         SH: 11    Dex: 19    Spells: 8/8 levels left

rFire    + + .     SeeInvis .   k - +4 mace of Slow Death {vorpal, rElec rPois rC- Dex+8}
rCold    x . .     Gourm    .   c - +0 kite shield
rNeg     . . .     Faith    .   b - +1 scale mail
rPois    +         Spirit   .   (no helmet)
rElec    +         Reflect  .   p - +2 cloak
rCorr    .         Harm     .   (no gloves)
MR       .....                  (no boots)
Stlth    ..........             (no amulet)
HPRegen  0.23/turn              e - ring of protection from fire
MPRegen  0.11/turn              n - ring of protection from fire

@: barbed spikes
A: no striking features
a: Animate Remains, Recall Undead Slaves, Injury Mirror, Renounce Religion


You were on level 7 of the Dungeon.
You worshipped Yredelemnul.
Yredelemnul was pleased with you.
You were not hungry.

You visited 1 branch of the dungeon, and saw 7 of its levels.

You collected 280 gold pieces.
You spent 218 gold pieces at shops.

Inventory:

Hand Weapons
 a - a +1 war axe
 k - the +4 mace of Slow Death (weapon) {vorpal, rElec rPois rC- Dex+8}
   (You found it on level 5 of the Dungeon)

   It inflicts extra damage upon your enemies.
   It affects your dexterity (+8).
   It makes you vulnerable to cold.
   It insulates you from electricity.
   It protects you from poison.
 z - a +0 battleaxe of freezing
Armour
 b - a +1 scale mail (worn)
 c - a +0 kite shield (worn)
 p - a +2 cloak (worn)
Jewellery
 e - a ring of protection from fire (left hand)
 n - a ring of protection from fire (right hand)
 s - an uncursed ring of protection from fire
 y - an uncursed ring of stealth {unknown}
 B - an uncursed ring of stealth {unknown}
Wands
 g - a wand of polymorph (5)
 j - a wand of random effects (21)
Scrolls
 h - 8 scrolls of identify
 l - 6 scrolls of remove curse
 m - 3 scrolls of enchant weapon
 o - a scroll of magic mapping {unknown}
 q - a scroll of enchant armour
 t - 2 scrolls of amnesia {unknown}
 x - a scroll of blinking {unknown}
Potions
 d - a potion of might
 i - 4 potions of curing
 r - a potion of lignification {unknown}
 u - a potion of brilliance {unknown}
 v - 2 potions of flight
 w - a potion of heal wounds
 A - a potion of stabbing {unknown}
Comestibles
 f - 14 rations
 C - 4 chunks of flesh


   Skills:
 + Level 6.8 Fighting
 - Level 8.6(9.6) Axes
 * Level 5.6(7.3) Maces & Flails
 + Level 6.7 Armour
 + Level 2.6 Dodging
 + Level 0.4 Stealth
 + Level 6.8 Shields
 + Level 1.5 Unarmed Combat


You had 8 spell levels left.
You didn't know any spells.
Your spell library contained the following spells:

 Spells                   Type           Power        Failure   Level  Hunger
 Infusion                 Chrm           #...         97%         1    ##.....
 Shroud of Golubria       Chrm/Tloc      #.....       99%         2    ###....
 Song of Slaying          Chrm           #.......     99%         2    ###....
 Ozocubu's Armour         Chrm/Ice       #.......     100%        3    ####...
 Spectral Weapon          Hex/Chrm       #.......     100%        3    ####...


Dungeon Overview and Level Annotations

Branches:
Dungeon (7/15)             Temple (0/1) D:6

Altars:
Cheibriados
Dithmenos
Elyvilon
Fedhas
Okawaru
Qazlal
Uskayaw
Xom
Yredelemnul
The Shining One

Shops:
D:5 [   D:6 (((


Message History

You hit the manticore but do no damage. The manticore bites you!
The manticore claws you but does no damage.
You block the manticore's attack.
The barbed spikes dig painfully into your body as you move.
* * * LOW HITPOINT WARNING * * *
The manticore flicks its tail.
The volley of spikes hits you.
The barbed spikes become lodged in your body.
* * * LOW HITPOINT WARNING * * *
The barbed spikes dig painfully into your body as you move.
* * * LOW HITPOINT WARNING * * *
The manticore flicks its tail.
The volley of spikes misses you.
The barbed spikes dig painfully into your body as you move.
* * * LOW HITPOINT WARNING * * *
The manticore flicks its tail.
The volley of spikes hits you!
The barbed spikes become lodged in your body.
You die...
Your body rises from the dead as a mindless zombie.

...####.....#
#(# .###
##.##### #.#
## ###..# #.#
.# #..[## #.#
.# #.### ##.#
.###.# #..##
.....#
#####..#
.#####
#H..##.# .#
#.##H##@# .#
#.##.##..# ##
#. #.##.### #
#. ##H.##
##############
#...###.##.รท#
#...##p...p##
##...##.p####
.....#..p#


You could see a manticore.

Vanquished Creatures
  Pikel (D:7)
  Maggie (D:6)
  Edmund (D:4)
  A water moccasin (D:7)
  A black bear (D:6)
  3 ogres
  3 centaurs
  A big kobold (D:7)
  2 bullfrogs
  A scorpion (D:4)
  A howler monkey (D:4)
  4 crimson imps
  A hound (D:6)
  A jelly (D:5)
  5 orc wizards
  An orc priest (D:2)
  Crazy Yiuf (D:5)
  An iguana (D:6)
  A worker ant (D:4)
  Natasha (twice) (D:4)
  A hound skeleton (D:5)
  2 worker ant zombies
  Robin (D:2)
  6 gnolls
  12 adders
  A shadow imp (D:7)
  An adder zombie (D:6)
  A worm (D:5)
  2 dart slugs
  6 leopard geckos
  15 orcs
  3 giant cockroaches
  13 goblins
  11 hobgoblins
  6 jackals
  3 quokkas
  A ball python (D:4)
  13 bats
  3 frilled lizards
  A jackal skeleton (D:4)
  12 kobolds
  4 rats
  A spectral orc (D:4)
152 creatures vanquished.

Vanquished Creatures (others)
  A black bear (D:7)
  An orc (D:7)
2 creatures vanquished.

Grand Total: 154 creatures vanquished

Notes
Turn   | Place    | Note
-------+----------+-------------------------------------------
     0 | D:1      | HawFromDerth the Hill Orc Fighter began the quest for the
                  | Orb.
     0 | D:1      | Reached XP level 1. HP: 19/19 MP: 1/1
   202 | D:1      | Reached XP level 2. HP: 27/27 MP: 2/2
   249 | D:1      | Reached skill level 3 in Axes
   585 | D:1      | Reached XP level 3. HP: 33/33 MP: 3/3
   851 | D:1      | Found a snail-covered altar of Cheibriados.
   907 | D:2      | Found a shimmering altar of Xom.
  1012 | D:2      | Noticed Robin
  1024 | D:2      | Killed Robin
  1161 | D:2      | Reached XP level 4. HP: 35/40 MP: 4/4
  1184 | D:2      | Reached skill level 4 in Axes
  1184 | D:2      | Reached XP level 5. HP: 8/47 MP: 5/5
  1643 | D:2      | Found a snail-covered altar of Cheibriados.
  1728 | D:2      | Found a faded altar of an unknown god.
  1773 | D:3      | Found a shadowy altar of Dithmenos.
  1774 | D:3      | Found an iron altar of Okawaru.
  1926 | D:3      | Reached skill level 5 in Fighting
  2098 | D:3      | Noticed a +0 hand axe
  2098 | D:3      | Noticed a +0 dagger
  2100 | D:3      | Found a hide-covered altar of Uskayaw.
  2386 | D:3      | Found a blossoming altar of Fedhas.
  2387 | D:3      | Reached XP level 6. HP: 56/56 MP: 6/6
  2606 | D:4      | Noticed Edmund
  2610 | D:4      | Reached skill level 1 in Dodging
  2643 | D:4      | Killed Edmund
  2643 | D:4      | Reached skill level 5 in Axes
  2655 | D:4      | Reached XP level 7. HP: 28/61 MP: 7/7
  2753 | D:4      | Noticed Natasha
  2842 | D:4      | Killed Natasha
  3066 | D:4      | Noticed Natasha
  3075 | D:4      | Killed Natasha
  3075 | D:4      | Reached skill level 6 in Axes
  3138 | D:4      | Reached skill level 5 in Shields
  3552 | D:4      | Found a basalt altar of Yredelemnul.
  3571 | D:4      | Became a worshipper of Yredelemnul the Dark
  3593 | D:5      | Entered Level 5 of the Dungeon
  3734 | D:5      | Found a glowing golden altar of the Shining One.
  3734 | D:5      | Found a stormy altar of Qazlal.
  3750 | D:5      | Reached skill level 7 in Axes
  3764 | D:5      | Reached skill level 1 in Unarmed Combat
  3884 | D:5      | Reached skill level 5 in Armour
  3941 | D:5      | Found Feen's Armour Boutique.
  3985 | D:5      | Reached XP level 8. HP: 68/70 MP: 8/8
  4330 | D:5      | Reached * piety under Yredelemnul
  4487 | D:5      | Reached skill level 8 in Axes
  4815 | D:5      | Found a runed translucent door.
  4816 | D:5      | Noticed Crazy Yiuf
  4821 | D:5      | Got a brightly glowing mace
  4822 | D:5      | Identified the +4 mace of Slow Death {vorpal, rElec rPois
                  | rC- Dex+8} (You found it on level 5 of the Dungeon)
  4826 | D:5      | Killed Crazy Yiuf
  4826 | D:5      | Reached skill level 1 in Maces & Flails
  5013 | D:6      | Found Huene's Weapon Shoppe.
  5048 | D:6      | Noticed Maggie
  5083 | D:6      | Killed Maggie
  5424 | D:6      | Reached XP level 9. HP: 78/78 MP: 9/9
  5518 | D:6      | Found Ecauc's Antique Weapon Boutique.
  5532 | D:6      | Bought a runed battleaxe for 218 gold pieces
  5703 | D:6      | Found Porulluss's Antique Weapon Shoppe.
  5734 | D:6      | Found a staircase to the Ecumenical Temple.
  5787 | D:7      | Found a white marble altar of Elyvilon.
  5897 | D:7      | Reached ** piety under Yredelemnul
  6348 | D:7      | Noticed Pikel
  6374 | D:7      | Killed Pikel
  6374 | D:7      | Reached skill level 5 in Maces & Flails
  6581 | D:7      | Noticed a manticore
  6590 | D:7      | Killed from afar by a manticore

Illustrated notes

Levels and vault maps discovered:
D:1:      dpeg_arrival_water_altar, layout_rooms
D:2:      lemuel_upstairs_altar, layout_basic, cheibriados_altar_1,
          xom_butterflies, chequers_ecumenical_altar_grove, uniq_robin
D:3:      layout_basic, fedhas_altar_fruit_tree, dancing_weapons_uskayaw,
          grunt_temple_overflow_open, first_ration
D:4:      layout_basic, yredelemnul_forgotten_temple_becter, uniq_edmund,
          uniq_natasha
D:5:      layout_basic, chequers_temple_overflow_statue_of_worship,
          serial_shops, nicolae_shop_behind_doors, uniq_crazy_yiuf_cottage
D:6:      layout_rooms, minmay_temple_entry_junction, serial_shops,
          kennysheep_little_box, nicolae_shop_crystal, shop, uniq_maggie
D:7:      minmay_slanted_spiral_squares, layout_rooms, marbit_many_paths,
          overflow_temple_1_default, uniq_joseph, uniq_pikel

Skill      XL: |  1  2  3  4  5  6  7  8  9 |
---------------+----------------------------+-----
Axes           | 3 4 5 7 8 |  8.6
Fighting       | 4 5 6 |  6.8
Shields        | 4 5 6 |  6.8
Armour         | 4 5 6 |  6.7
Dodging        | 1 2 |  2.6
Unarmed Combat | 1 |  1.5
Maces & Flails | 3 5 |  5.6
Stealth        | |  0.4

Action                   |  1- 3 |  4- 6 |  7- 9 || total
-------------------------+-------+-------+-------++-------
Melee: War axe           |   129 |   196 |   130 ||   455
       Unarmed           |       |       |    11 ||    11
       Mace              |       |       |   163 ||   163
  Use: Scroll            |       |       |     6 ||     6
       Potion            |       |       |     5 ||     5
  Eat: Chunk             |     1 |     5 |     8 ||    14
       Ration            |       |       |     2 ||     2
Armor: Scale mail        |    75 |   120 |   133 ||   328
       Skin              |       |       |     2 ||     2
Dodge: Dodged            |    55 |    76 |    87 ||   218
Block: Kite shield       |    86 |   141 |   160 ||   387
